 Dungeon Crawl Stone Soup version 0.23-a0-666-g28d4f2f0af (webtiles) character file.

15 LLavrengius the Stinger (level 2, 0/17 HPs)
             Began as an Octopode Venom Mage on Jan 8, 2019.
             Slain by a jackal (2 damage)
             ... on level 1 of the Dungeon.
             The game lasted 00:01:38 (393 turns).

LLavrengius the Stinger (Octopode Venom Mage)        Turns: 393, Time: 00:01:38

Health: 0/17       AC:  1    Str:  7    XL:     2   Next: 50%
Magic:  5/5        EV: 13    Int: 17    God:
Gold:   8          SH:  0    Dex: 12    Spells: 4/5 levels left

rFire    . . .     SeeInvis .   (no weapon)
rCold    . . .     Gourm    .   (no shield)
rNeg     . . .     Faith    .   (helmet restricted)
rPois    .         Spirit   .   (no amulet)
rElec    .         Reflect  .   (no ring)
rCorr    .         Harm     .   (no ring)
MR       .....                  (no ring)
Stlth    +++.......             (no ring)
HPRegen  0.05/turn              (no ring)
MPRegen  0.09/turn              (no ring)
                                (no ring)
                                (no ring)

@: no status effects
A: almost no armour, stealthy swim, amphibious, 8 rings, constrict 8, camouflage
1, gelatinous body 1
a: no special abilities


You were on level 1 of the Dungeon.
You were not hungry.

You visited 1 branch of the dungeon, and saw 1 of its levels.

You collected 8 gold pieces.

Inventory:

Scrolls
 c - 2 scrolls of identify {unknown}
 d - 2 scrolls of remove curse {unknown}
Comestibles
 a - 5 chunks of flesh
 b - 2 rations


   Skills:
 + Level 0.2 Fighting
 - Level 2.0 Dodging
 + Level 3.6 Stealth
 + Level 0.2 Unarmed Combat
 - Level 2.0 Spellcasting
 - Level 1.0 Conjurations
 - Level 4.0 Poison Magic


You had 4 spell levels left.
You knew the following spells:

 Your Spells              Type           Power        Failure   Level  Hunger
a - Sting                 Conj/Pois      ##..         7%          1    #......

Your spell library contained the following spells:

 Spells                   Type           Power        Failure   Level  Hunger
 Poisonous Vapours        Pois/Air       #.....       13%         2    ###....
 Mephitic Cloud           Conj/Pois/Air  #.......     28%         3    ###....
 Olgreb's Toxic Radiance  Pois           ###.....     36%         4    #####..
 Venom Bolt               Conj/Pois      ##........   88%         5    ######.


Dungeon Overview and Level Annotations

Branches:
Dungeon (1/15)

Altars:


Innate Abilities, Weirdness & Mutations

You cannot wear most types of armour.
You are very stealthy in the water. (Stealth+)
You are amphibious.
You can wear up to eight rings at the same time.
You can use your tentacles to constrict eight enemies at once.
Your skin changes colour to match your surroundings (Stealth+).
Your rubbery body absorbs attacks. (AC +1, EV +1)


Message History

You tentacle-slap the jackal. Your grab misses the jackal.
The jackal is moderately wounded.
The jackal bites you.
* * * LOW HITPOINT WARNING * * *
The jackal completely misses you.
You barely miss the jackal. Your grab misses the jackal.
The jackal is moderately wounded.
The jackal bites you.
* * * LOW HITPOINT WARNING * * *
You barely miss the jackal. You grab the jackal.
The jackal is moderately wounded.
You constrict the jackal, but do no damage.
The jackal bites you but does no damage.
The jackal completely misses you.
You tentacle-slap the jackal but do no damage.
You squeeze the jackal, but do no damage.
The jackal is moderately wounded.
You constrict the jackal, but do no damage.
The jackal bites you.
You die...

#### #........[ ########..
.......... ......##.#
#......... .>....##.######
#......... ..............#
#.........
..............#####.........
.....................)......
..............######.###....
..##............@h..........
#.##..........#####.####....
#.............# #.# ?.
#.............# #.#
#[............# #.#
#.........##### #.#
#....รท....# #.# #.........#
#.# ..........## #.#


You could see a jackal.

Vanquished Creatures
  A worm (D:1)
  A dart slug (D:1)
  A leopard gecko (D:1)
  2 jackals (D:1)
  3 bats (D:1)
  A goblin (D:1)
  A rat (D:1)
10 creatures vanquished.

Notes
Turn   | Place    | Note
-------+----------+-------------------------------------------
     0 | D:1      | LLavrengius the Octopode Venom Mage began the quest for the
                  | Orb.
     0 | D:1      | Reached XP level 1. HP: 11/11 MP: 3/3
   205 | D:1      | Reached XP level 2. HP: 14/17 MP: 5/5
   207 | D:1      | Reached skill level 4 in Poison Magic
   393 | D:1      | Slain by a jackal

Vault maps used:
D:1:      dpeg_arrival_brainrot, kennysheep_flooded_box

Skill      XL: |  1  2 |
---------------+-------+-----
Stealth        | 3 |  3.6
Poison Magic   | 4 |  4.0
Fighting       | |  0.2
Dodging        | |  2.0
Unarmed Combat | |  0.2
Spellcasting   | |  2.0
Conjurations   | |  1.0

Action                   || total
-------------------------++-------
Melee: Unarmed           ||    37
       Tentacles         ||     9
       Constrict         ||    11
 Cast: Sting             ||     4
 Stab: Sleeping          ||     1
Armor: Skin              ||     6
Dodge: Dodged            ||    24

Table legend:
 A = Non-vault XP
 B = Vault XP
 C = Vault XP percentage of total XP
 D = Non-vault monster count
 E = Vault monster count
 F = Vault count percentage of total count
                 A         B        C        D         E       F
            +---------+---------+-------+---------+---------+-------
      Total |      17 |       5 |  22.7 |       9 |       1 |  10.0
            +---------+---------+-------+---------+---------+-------
        D:1 |      17 |       5 |  22.7 |       9 |       1 |  10.0
            +---------+---------+-------+---------+---------+-------
